 Dungeon Crawl Stone Soup version 0.29.1-15-g9cfb28693d (webtiles) character file.

Game seed: 10605718098442252805

11583 jtron the Grappler (level 11, -9/111 HPs)
             Began as a Troll Monk on Feb 26, 2023.
             Was an Elder of Qazlal.
             Mangled by a titanic slime creature (59 damage)
             ... on level 12 of the Dungeon.
             The game lasted 00:29:42 (9087 turns).

jtron the Grappler (Troll Monk)                     Turns: 9087, Time: 00:29:42

Health: -9/111     AC: 15    Str: 21    XL:     11   Next: 51%
Magic:  13/13      EV: 14    Int:  6    God:    Qazlal [****..]
Gold:   604        SH:  5    Dex: 16    Spells: 10/10 levels left

rFire   + + .      SeeInvis +     - Unarmed
rCold   . . .      Faith    .   (no shield)
rNeg    . . .      Spirit   .   k - +3 acid dragon scales
rPois   .          Reflect  .   n - +2 hat
rElec   .          Harm     .   N - +0 cloak
rCorr   +          Rampage  .   (gloves unavailable)
Will    .....                   (boots unavailable)
Stlth   +.........              (no amulet)
HPRegen 1.08/turn               e - +4 ring of evasion
MPRegen 0.13/turn               c - ring "Visiarui" {Fly rF++ SInv}

@: flying, repel missiles
A: large, unfitting armour, claws 3, regeneration 1, shaggy fur 1, tough skin 1
a: Renounce Religion, Upheaval, Elemental Force


You were on level 12 of the Dungeon.
You worshipped Qazlal.
Qazlal was greatly pleased with you.
You visited 1 branch of the dungeon, and saw 12 of its levels.
You also visited: Ossuary.

You collected 604 gold pieces.

Inventory:

Hand Weapons
 a - a +4 sling of venom
Missiles
 d - 139 stones
 y - 6 boomerangs
 F - a throwing net
 S - 15 large rocks (quivered)
Armour
 i - +0 steam dragon scales
 k - +3 acid dragon scales (worn)
 n - a +2 hat (worn)
 J - a +2 robe of willpower
 N - a +0 cloak (worn)
 T - a scarf of invisibility
Jewellery
 c - the ring "Visiarui" (right claw) {Fly rF++ SInv}
   (You found it in an ossuary)

   [ring of flight]

   rF:        It greatly protects you from fire.
   SInv:      It lets you see invisible.
   Fly:       It grants you flight.
 e - a +4 ring of evasion (left claw)
 f - an amulet of guardian spirit
 O - an amulet of faith
 R - a ring of magical power
Wands
 t - a wand of roots (16)
 w - a wand of flame (8)
 A - a wand of mindburst (6)
 G - a wand of light (14)
 H - a wand of digging (4)
Scrolls
 g - 3 scrolls of fog {unknown}
 l - 2 scrolls of brand weapon
 o - 3 scrolls of vulnerability
 q - 5 scrolls of teleportation
 r - a scroll of magic mapping {unknown}
 s - a scroll of immolation
 z - a scroll of poison {unknown}
 D - 2 scrolls of fear
 E - 2 scrolls of noise {unknown}
 I - 2 scrolls of blinking {unknown}
 L - a scroll of torment {unknown}
 M - a scroll of identify
 P - 2 scrolls of summoning {unknown}
Potions
 b - 3 potions of ambrosia
 h - 2 potions of lignification {unknown}
 j - 4 potions of might
 m - a potion of invisibility
 p - 4 potions of haste
 u - 2 potions of brilliance {unknown}
 v - 2 potions of flight {unknown}
 x - 3 potions of mutation
 B - 7 potions of attraction
 K - 4 potions of curing
 Q - a potion of berserk rage {unknown}
Miscellaneous
 C - a phial of floods


   Skills:
 * Level 8.0 Fighting
 + Level 4.7 Ranged Weapons
 + Level 1.3 Throwing
 + Level 3.2 Armour
 - Level 3.0 Dodging
 + Level 2.8 Stealth
 - Level 1.5 Shields
 - Level 12.2 Unarmed Combat
 * Level 4.0 Invocations


You had 10 spell levels left.
You didn't know any spells.
Your spell library contained the following spells:

 Spells                   Type           Power      Damage    Failure   Level
 Beastly Appendage        Tmut           0%         N/A       54%         1
 Static Discharge         Conj/Air       0%         3-3/arc   67%         2
 Wereblood                Tmut           0%         N/A       67%         2
 Dazzling Flash           Conj/Hex       0%         N/A       88%         3
 Spider Form              Tmut/Pois      0%         N/A       88%         3
 Corpse Rot               Necr/Pois/Air  0%         N/A       99%         4
 Dispel Undead            Necr           0%         3d6       99%         4
 Iskenderun's Mystic Bla  Conj/Tloc      0%         2d3       99%         4
 Blade Hands              Tmut           0%         N/A       100%        5
 Irradiate                Conj/Tmut      0%         3d11      100%        5
 Lightning Bolt           Conj/Air       0%         1d11      100%        5
 Death Channel            Necr           0%         N/A       100%        6
 Starburst                Conj/Fire      0%         6d3       100%        6
 Dragon Form              Tmut           0%         N/A       100%        7
 Malign Gateway           Summ/Tloc      0%         N/A       100%        7
 Maxwell's Capacitive Co  Air            0%         ∞         100%        8
 Summon Horrible Things   Summ           0%         N/A       100%        8


Dungeon Overview and Level Annotations

Branches:
Dungeon (12/15)            Temple (0/1) D:7            Lair (0/5) D:11
    Orc (0/2) D:11        Ossuary (visited)

Altars:
Cheibriados
Gozag
Kikubaaqudgha
Nemelex Xobeh
Okawaru
Qazlal
Ru
Trog
Uskayaw
Vehumet
Wu Jian
Xom

Shops:
D:1 (   D:5 *


Innate Abilities, Weirdness & Mutations

You are too large for most types of armour.
You have claws for hands.
Your natural rate of healing is unusually fast.
You are covered in fur. (AC +1)
You have tough skin. (AC +1)


Message History

The very large slime creature is severely wounded.
The very large slime creature closely misses you.
You mangle the very large slime creature!!
The very large slime creature is almost dead.
The very large slime creature barely misses you.
Two slime creatures merge to form a titanic slime creature.
Aiming: Throw Flame
Press: ? - help, Shift-Dir - straight line, f - titanic slime creature
Aim: a titanic slime creature (heavily wounded, 93% to hit)
The puff of flame hits the titanic slime creature.
The titanic slime creature is heavily wounded.
You claw the titanic slime creature!
The titanic slime creature is heavily wounded.
You block the titanic slime creature's attack.
You mangle the titanic slime creature!!
The titanic slime creature is severely wounded.
You barely miss the titanic slime creature.
Your claw misses the titanic slime creature.
The titanic slime creature is severely wounded.
The titanic slime creature closely misses you.
You claw the titanic slime creature!
The titanic slime creature is severely wounded.
The titanic slime creature barely misses you.
You barely miss the titanic slime creature.
The titanic slime creature is severely wounded.
You block the titanic slime creature's attack.
You mangle the titanic slime creature!!
The titanic slime creature is severely wounded.
You hear an angry hiss.
The titanic slime creature misses you.
You mangle the titanic slime creature!!
The titanic slime creature is almost dead.
You claw the titanic slime creature!
The titanic slime creature is almost dead.
The titanic slime creature closely misses you.
You claw the titanic slime creature!
The titanic slime creature is almost dead.
The titanic slime creature hits you!!!
Ouch! That really hurt!
You die...

#...#.#
#.#...#
#.#####
#######.###
..........#
#######.#.#
#.#.# #...#
###@# #J#
#.# #.# #.#
#.# #.. #.#


You could see a titanic slime creature.

Vanquished Creatures
  Erica (D:8)
  A two-headed ogre (D:12)
  A deep elf pyromancer (D:12)
  4 cyclopes
  2 oklob plants (D:11)
  2 trolls
  11 yaks
  A wyvern (D:9)
  4 wraiths
  A basilisk (D:11)
  A steam dragon (D:8)
  2 acid dragons
  An orc warrior (D:10)
  2 ice beasts
  A black bear (D:4)
  A hornet zombie (Ossuary)
  2 sky beasts
  An ogre (D:5)
  2 centaurs (D:9)
  3 phantoms
  4 bullfrogs
  2 necrophages
  2 gnoll sergeants (D:9)
  2 water moccasin zombies (Ossuary)
  3 scorpions
  A wyvern zombie (Ossuary)
  11 wights
  4 killer bees (D:10)
  5 howler monkeys
  6 bullfrog zombies (Ossuary)
  2 centaur zombies (Ossuary)
  3 hounds
  5 jellies
  2 gnoll boudas (D:8)
  2 orc priests (D:10)
  15 mummies (Ossuary)
  Jessica (D:2)
  Terence (D:2)
  3 iguanas
  2 orc wizards
  A killer bee zombie (Ossuary)
  2 howler monkey zombies (Ossuary)
  30 gnolls
  9 adders
  2 shadow imps
  An ufetubus (D:5)
  2 dart slugs
  2 worms (D:2)
  12 orcs
  4 ball pythons
  8 endoplasms
  3 giant cockroaches
  8 goblins
  11 hobgoblins
  9 jackals
  A quokka (D:4)
  6 bats
  2 frilled lizards
  6 kobolds
  3 rats
242 creatures vanquished.

Vanquished Creatures (others)
  A fungus (D:4)
  A plant (D:11)
  3 withered plants (Ossuary)
5 creatures vanquished.

Grand Total: 247 creatures vanquished

Notes
Turn   | Place    | Note
-------+----------+-------------------------------------------
     0 | D:1      | jtron the Troll Monk began the quest for the Orb.
     0 | D:1      | Reached XP level 1. HP: 22/22 MP: 0/0
   149 | D:1      | Reached XP level 2. HP: 29/29 MP: 1/1
   151 | D:1      | Found Gyisyahe's Antique Weapon Shop.
   283 | D:2      | Noticed Jessica
   458 | D:2      | Reached XP level 3. HP: 36/36 MP: 2/2
   530 | D:2      | Killed Jessica
   587 | D:2      | Reached XP level 4. HP: 45/45 MP: 3/3
   867 | D:2      | Noticed Terence
   880 | D:2      | Killed Terence
  1315 | D:3      | Reached skill level 4 in Unarmed Combat
  1315 | D:3      | Reached XP level 5. HP: 38/53 MP: 4/4
  1319 | D:3      | Reached skill level 1 in Ranged Weapons
  1704 | D:4      | Noticed a black bear
  1848 | D:4      | Identified the +8 hand axe of Deflation {speed, +Blink
                  | rElec rC- Dex-3}
  1902 | D:4      | Killed a black bear
  1903 | D:4      | Reached XP level 6. HP: 55/61 MP: 5/5
  2098 | D:4      | Reached skill level 5 in Unarmed Combat
  2194 | D:4      | Found a sand-covered staircase.
  2202 | Ossuary  | Entered an ossuary
  2216 | Ossuary  | Reached XP level 7. HP: 68/68 MP: 6/6
  2282 | Ossuary  | Reached skill level 6 in Unarmed Combat
  2328 | Ossuary  | Reached XP level 8. HP: 79/79 MP: 7/7
  2336 | Ossuary  | Reached skill level 7 in Unarmed Combat
  2407 | Ossuary  | Identified the ring "Visiarui" {Fly rF++ SInv}
  2759 | D:4      | Reached skill level 8 in Unarmed Combat
  2762 | D:4      | Found an opulent altar of Gozag.
  2961 | D:5      | Entered Level 5 of the Dungeon
  3080 | D:5      | Found a stormy altar of Qazlal.
  3085 | D:5      | Became a worshipper of Qazlal Stormbringer
  3085 | D:5      | Reached * piety under Qazlal
  3085 | D:5      | Reached ** piety under Qazlal
  3286 | D:5      | Found a bloodstained altar of Trog.
  3357 | D:5      | Found Lafam's Luxury Loot.
  3482 | D:5      | Reached skill level 5 in Fighting
  3493 | D:5      | Reached skill level 9 in Unarmed Combat
  3507 | D:5      | Found a snail-covered altar of Cheibriados.
  3850 | D:6      | Reached XP level 9. HP: 84/88 MP: 8/8
  3864 | D:6      | Found a sacrificial altar of Ru.
  3927 | D:6      | Identified the +2 pair of gloves of Ysusiroomu {rF+ rCorr
                  | Str+3}
  4350 | D:6      | Reached skill level 10 in Unarmed Combat
  4441 | D:6      | Reached *** piety under Qazlal
  5329 | D:7      | Found an iron altar of Okawaru.
  5422 | D:7      | Found an ancient bone altar of Kikubaaqudgha.
  5461 | D:7      | Found a staircase to the Ecumenical Temple.
  5607 | D:8      | Noticed Erica
  5613 | D:8      | Found a radiant altar of Vehumet.
  5628 | D:8      | HP: 4/89 [Erica/+0 scimitar of flaming (2)]
  5630 | D:8      | Killed Erica
  5631 | D:8      | Reached skill level 11 in Unarmed Combat
  5632 | D:8      | HP: 1/89 [poisoned by Erica (bolt of poison)]
  5638 | D:8      | HP: 1/89 [poisoned by Erica (bolt of poison)]
  5843 | D:8      | Found a hide-covered altar of Uskayaw.
  5947 | D:8      | Reached skill level 1 in Shields
  6004 | D:8      | Reached XP level 10. HP: 98/98 MP: 9/9
  6335 | D:8      | Found an ornate altar of the Wu Jian Council.
  6737 | D:9      | Found a shimmering altar of Xom.
  6878 | D:9      | Reached **** piety under Qazlal
  7079 | D:9      | Found a sparkling altar of Nemelex Xobeh.
  7505 | D:10     | Entered Level 10 of the Dungeon
  7590 | D:10     | Identified the +0 leather armour of the Terrible Sparrow
                  | {rElec rC+}
  7617 | D:10     | Noticed a cyclops
  7632 | D:10     | Killed a cyclops
  7633 | D:10     | Reached skill level 12 in Unarmed Combat
  7767 | D:10     | Reached skill level 1 in Invocations
  8035 | D:11     | Noticed a cyclops
  8044 | D:11     | Killed a cyclops
  8045 | D:11     | Reached skill level 1 in Armour
  8145 | D:11     | Noticed an oklob plant
  8150 | D:11     | Killed an oklob plant
  8151 | D:11     | Reached XP level 11. HP: 98/109 MP: 10/12
  8167 | D:11     | Noticed an oklob plant
  8170 | D:11     | Found a staircase to the Lair.
  8221 | D:11     | Found a staircase to the Orcish Mines.
  8391 | D:11     | Identified the +0 ring mail of Mezcal {rF+ MP+9 Str+5}
  8753 | D:11     | Killed an oklob plant
  8872 | D:12     | Reached skill level 1 in Throwing
  8923 | D:12     | Noticed a deep elf pyromancer
  8930 | D:12     | Killed a deep elf pyromancer
  9020 | D:12     | Noticed a two-headed ogre
  9032 | D:12     | Killed a two-headed ogre
  9087 | D:12     | Mangled by a titanic slime creature

Illustrated notes

Levels and vault maps discovered:
D:1:      lemuel_arrival_funnel, layout_basic,
          shapermc_ecumenical_altar_mp_ritualfount, serial_shops,
          nicolae_shop_hallway_stairs, serial_co_window_serial,
          co_window_paths_a, co_window_paths_b, co_window_corner_a,
          co_window_cross_1, co_window_corner_a, co_window_of_opportunity_c,
          co_window_unsneaky_path_a, co_window_2corner,
          co_window_unsneaky_path_a, co_window_broadway_a, co_window_4corner_b,
          co_window_4corner_a, glass_columns_a, glass_columns_a,
          glass_columns_a, glass_columns_a, glass_columns_b, minmay_bisected
D:2:      layout_basic, uniq_terence, uniq_jessica
D:3:      layout_rooms
D:4:      layout_basic, kennysheep_little_box, chequers_ossuary_entry_cave,
          dreamdust_gnoll_farm
D:5:      layout_loops_corners, trog_hazing_becter, lemuel_round_altar,
          mainiacjoe_overflow_cross_hatched, nicolae_alphabet_shops,
          hangedman_decor_clover_reticule, pf_guarded_unrand_woodcutter
D:6:      layout_layer_cave, nicolae_ru_awakened_eye, grunt_ministairs_3
D:7:      layout_gridville, okawaru_ov_weapons_minmay, marbit_many_paths,
          temple_pool_b, hangedman_abyss_or_decor_stagger
D:8:      layout_basic, amcnicky_altar_gilded, nzn_wu_jian_contemplation,
          kennysheep_mini, uniq_erica
D:9:      layout_irregular_city, nemelex_spade_bored_becter, xom_teletrap_fun,
          minmay_misc_feat_doors
D:10:     layout_gridville, hangedman_abyss_or_decor_jellyfish_corner
D:11:     layout_loops_ring, dpeg_oklobed_lair
D:12:     layout_loops_ring, uniq_fannar, uniq_nergalle

Skill      XL: |  1  2  3  4  5  6  7  8  9 10 11 |
---------------+----------------------------------+-----
Fighting       | 3 4 5 6 7 8 |  8.0
Dodging        | 3 |  3.0
Unarmed Combat | 4 5 6 9 11 12 | 12.2
Ranged Weapons | 1 2 3 4 |  4.7
Stealth        | 2 |  2.8
Shields        | 1 |  1.5
Invocations    | 2 4 |  4.0
Armour         | 1 3 |  3.2
Throwing       | 1 |  1.3

Action                   |  1- 3 |  4- 6 |  7- 9 | 10-12 || total
-------------------------+-------+-------+-------+-------++-------
Melee: Unarmed           |    36 |   135 |   303 |   219 ||   693
       Punch             |       |     2 |    16 |    27 ||    45
 Fire: Sling             |    15 |    32 |    31 |    36 ||   114
Throw: Stone             |     6 |       |     2 |       ||     8
       Large rock        |       |       |       |     8 ||     8
Invok: Upheaval          |       |       |     1 |       ||     1
Evoke: Wand              |       |     1 |     3 |     1 ||     5
  Use: Potion            |       |     2 |     4 |     3 ||     9
       Scroll            |       |     5 |    11 |     5 ||    21
 Stab: Sleeping          |       |     2 |       |       ||     2
       Distracted        |       |     1 |       |       ||     1
       Invisible         |       |     1 |       |       ||     1
Armor: Robe              |     3 |    39 |    57 |    16 ||   115
       Acid dragon scale |       |       |       |    24 ||    24
Dodge: Dodged            |    22 |   109 |   168 |   115 ||   414
       Repelled          |       |       |       |     3 ||     3
Block: Other             |       |       |    10 |    37 ||    47
